 Dungeon Crawl Stone Soup version 0.28.0 (webtiles) character file.

Game seed: 14641213412680986102

1369 issech the Cudgeller (level 8, -1/71 HPs)
             Began as a Troll Monk on Feb 6, 2022.
             Was a Believer of Hepliaklqana.
             Slain by an unseen horror (6 damage)
             ... on level 6 of the Dungeon.
             The game lasted 00:16:56 (5451 turns).

issech the Cudgeller (Troll Monk)                   Turns: 5451, Time: 00:16:57

Health: -1/71      AC:  4    Str: 20    XL:     8   Next: 38%
Magic:  7/7        EV: 11    Int:  6    God:    Hepliaklqana [**....]
Gold:   312        SH:  0    Dex: 14    Spells: 7/7 levels left

rFire   . . .      SeeInvis .   w - +1 giant club
rCold   . . .      Faith    .   (shield currently unavailable)
rNeg    . . .      Spirit   .   b - +0 robe
rPois   .          Reflect  .   (helmet restricted)
rElec   .          Harm     .   (no cloak)
rCorr   .          Rampage  .   (gloves unavailable)
Will    .....                   (boots unavailable)
Stlth   ++........              (no amulet)
HPRegen 1.01/turn               (no ring)
MPRegen 0.10/turn               (no ring)

@: no status effects
A: reduced essence, large, unfitting armour, claws 3, regeneration 1, shaggy fur
1, tough skin 1
a: Renounce Religion, Recall Ancestor, Ancestor Identity


You were on level 6 of the Dungeon.
You worshipped Hepliaklqana.
Hepliaklqana was pleased with you.
You visited 2 branches of the dungeon, and saw 7 of its levels.

You collected 312 gold pieces.

Inventory:

Hand Weapons
 a - a +0 mace
 k - a +0 great mace
 q - a +0 quarterstaff
 r - a +0 battleaxe
 t - a +0 hunting sling
 w - a +1 giant club (weapon)
Missiles
 c - 82 arrows
 e - 3 poisoned darts (quivered)
 f - 185 stones
 m - 4 large rocks
 p - 4 atropa-tipped darts
 v - 19 bolts
 y - 4 boomerangs
Armour
 b - a +0 robe (worn)
Scrolls
 d - a scroll of holy word
 h - a scroll of amnesia
 i - 3 scrolls of teleportation
 o - a scroll of enchant weapon
 s - a scroll of identify
Potions
 g - a potion of flight {unknown}
 j - 3 potions of mutation {unknown}
 l - 2 potions of heal wounds {unknown}
 n - a potion of might {unknown}
 u - a potion of berserk rage {unknown}
 x - a potion of resistance {unknown}


   Skills:
 + Level 4.5 Fighting
 + Level 7.7 Maces & Flails
 + Level 3.8 Dodging
 + Level 2.0 Stealth


You had 7 spell levels left.
You didn't know any spells.
Your spell library contained the following spells:

 Spells                   Type           Power      Damage    Failure   Level
 Beastly Appendage        Tmut           0%         N/A       45%         1
 Blink                    Tloc           0%         N/A       58%         2
 Wereblood                Tmut           0%         N/A       58%         2
 Dazzling Flash           Conj/Hex       0%         N/A       83%         3
 Ignite Poison            Fire/Tmut/Pois 0%         N/A       83%         3
 Lesser Beckoning         Tloc           0%         N/A       83%         3
 Mephitic Cloud           Conj/Pois/Air  0%         N/A       83%         3
 Portal Projectile        Hex/Tloc       0%         N/A       83%         3
 Spider Form              Tmut/Pois      0%         N/A       83%         3
 Leda's Liquefaction      Hex/Erth       0%         N/A       99%         4
 Agony                    Necr           0%         N/A       100%        5
 Blade Hands              Tmut           0%         N/A       100%        5
 Excruciating Wounds      Necr           0%         N/A       100%        5
 Freezing Cloud           Conj/Ice/Air   0%         6-21      100%        5
 Lee's Rapid Deconstruct  Erth           0%         3d5*      100%        5
 Manifold Assault         Tloc           0%         N/A       100%        5
 Silence                  Hex/Air        0%         N/A       100%        5
 Statue Form              Tmut/Erth      0%         N/A       100%        6


Dungeon Overview and Level Annotations

Branches:
Dungeon (6/15)             Temple (1/1) D:6

Altars:
Ashenzari
Cheibriados
Dithmenos
Elyvilon
Fedhas
Gozag
Hepliaklqana
Kikubaaqudgha
Makhleb
Nemelex Xobeh
Okawaru
Qazlal
Ru
Sif Muna
Trog
Uskayaw
Wu Jian
Xom
Yredelemnul
Zin
The Shining One


Innate Abilities, Weirdness & Mutations

Your life essence is reduced to manifest your ancestor. (-10% HP)
You are too large for most types of armour.
You have claws for hands.
Your natural rate of healing is unusually fast.
You are covered in fur. (AC +1)
You have tough skin. (AC +1)


Message History

You bludgeon the orc!!
You kill the orc!
Something hits you!
Dusana points next to the hound and mumbles some strange words.
The puff of frost hits something!
The hound bites you but does no damage.
You bludgeon the hound!!
You kill the hound!
Something hits you. Something hits you!
You closely miss something. Something hits you.
Dusana gestures at thin air while chanting.
You swap places.
Something closely misses Dusana. x2
Dusana barely misses something.
Something closely misses Dusana.
Something hits Dusana. x2
Dusana barely misses something.
Something hits Dusana!
Something closely misses Dusana.
An orc wizard comes into view. It is wielding a +0 dagger.
Something hits Dusana.
Dusana is destroyed!
Something hits you but does no damage. Something hits you.
The orc wizard points at you and mumbles some strange words.
The puff of flame misses you. Something hits you.
The orc wizard casts a spell at you. You resist with some effort.
Something hits you!
* * * LOW HITPOINT WARNING * * *
An orc comes into view. It is wielding a +0 club.
You see here a fizzy green potion.
Something hits you!
* * * LOW HITPOINT WARNING * * *
You bludgeon the orc wizard!!
You kill the orc wizard!
Something hits you.
* * * LOW HITPOINT WARNING * * *
Something hits you.
* * * LOW HITPOINT WARNING * * *
Something hits you.
* * * LOW HITPOINT WARNING * * *
You see here a fizzy green potion.
Something hits you.
You die...

.#.##.#.# ##........#. #
...#.#..(.o.#.##.
.##.#..$(..#.#... #
#.##...#........
######.##.#.#.#)##.#.##.
..........#))o..........
.......##.#.#.##!###.##.
.......##.......@.......
.......##.#.##.###.####.
.....).##.#.##.## .#
................. .
.........#...#### ##
####.....##.>....
#.<...######## #.....#
#.....#


There were no monsters in sight!

Vanquished Creatures
  A water moccasin (D:5)
  A sky beast (D:5)
  An orc warrior (D:6)
  A necrophage (D:4)
  2 phantoms
  2 ogres
  A bullfrog (D:6)
  A howler monkey (D:3)
  A centaur zombie (D:6)
  A jelly (D:5)
  3 hounds
  Natasha (D:3)
  An orc wizard (D:6)
  A hound zombie (D:5)
  4 gnolls (D:4)
  3 adders (D:2)
  A white imp (D:5)
  An ufetubus (D:4)
  2 worms
  3 dart slugs
  6 orcs
  4 bats
  6 endoplasms
  3 giant cockroaches
  8 goblins
  2 hobgoblins
  12 kobolds
  4 quokkas
  4 ball pythons
  4 frilled lizards
  6 rats
91 creatures vanquished.

Vanquished Creatures (collateral kills)
  A hornet zombie (D:6)
  A phantom (D:6)
  A hound (D:6)
  A white imp (D:6)
  An orc (D:6)
5 creatures vanquished.

Vanquished Creatures (others)
  A battlemage (D:6)
1 creature vanquished.

Grand Total: 97 creatures vanquished

Notes
Turn   | Place    | Note
-------+----------+-------------------------------------------
     0 | D:1      | issech the Troll Monk began the quest for the Orb.
     0 | D:1      | Reached XP level 1. HP: 22/22 MP: 0/0
   112 | D:1      | Reached XP level 2. HP: 29/29 MP: 1/1
   215 | D:1      | Reached skill level 3 in Maces & Flails
   486 | D:1      | Found a faded altar of an unknown god.
   519 | D:1      | Reached XP level 3. HP: 36/36 MP: 2/2
  1219 | D:2      | Reached XP level 4. HP: 43/44 MP: 3/3
  1954 | D:3      | Reached skill level 4 in Maces & Flails
  2142 | D:3      | Noticed Natasha
  2147 | D:3      | Killed Natasha
  2148 | D:3      | Reached XP level 5. HP: 53/53 MP: 4/4
  2838 | D:4      | Noticed a necrophage
  2845 | D:4      | Killed a necrophage
  3161 | D:4      | Reached XP level 6. HP: 34/61 MP: 5/5
  3191 | D:4      | Reached skill level 5 in Maces & Flails
  3344 | D:5      | Entered Level 5 of the Dungeon
  3488 | D:5      | Noticed a water moccasin
  3498 | D:5      | Killed a water moccasin
  3499 | D:5      | Reached XP level 7. HP: 15/67 MP: 6/6
  3533 | D:5      | Reached skill level 6 in Maces & Flails
  4371 | D:6      | Found a staircase to the Ecumenical Temple.
  4385 | Temple   | Entered the Ecumenical Temple
  4964 | Temple   | Became a worshipper of Hepliaklqana the Forgotten
  4964 | Temple   | Reached * piety under Hepliaklqana
  4964 | Temple   | Reached ** piety under Hepliaklqana
  4965 | Temple   | Remembered your ancestor Dusana as a battlemage
  5066 | D:6      | Reached skill level 7 in Maces & Flails
  5133 | D:6      | Reached XP level 8. HP: 54/70 MP: 7/7
  5451 | D:6      | Slain by an unseen horror

Illustrated notes

Levels and vault maps discovered:
D:1:      lemuel_arrival_funnel, layout_basic,
          hellmonk_ecumenical_altar_arch_garden,
          amcnicky_mini_rare_corridor_liquid
D:2:      layout_basic
D:3:      layout_basic, uniq_natasha
D:4:      layout_basic
D:5:      layout_basic
D:6:      nicolae_cairo_tiling_large, layout_basic, temple_green,
          minmay_diced_spiral
Temple:   mainiacjoe_temple_starburst

Skill      XL: |  1  2  3  4  5  6  7  8 |
---------------+-------------------------+-----
Maces & Flails | 3 4 5 7 |  7.7
Fighting       | 3 4 |  4.5
Dodging        | 3 |  3.8
Stealth        | 2 |  2.0

Action                   |  1- 3 |  4- 6 |  7- 9 || total
-------------------------+-------+-------+-------++-------
Melee: Mace              |    88 |       |       ||    88
       Punch             |     3 |       |       ||     3
       Great mace        |    32 |   114 |    37 ||   183
       Giant club        |       |       |    46 ||    46
Invok: Ancestor Life: Ba |       |       |     1 ||     1
  Use: Scroll            |     1 |       |     3 ||     4
 Stab: Sleeping          |     2 |     3 |       ||     5
Armor: Robe              |    61 |    38 |    31 ||   130
Dodge: Dodged            |    80 |    85 |    54 ||   219
